 Dungeon Crawl Stone Soup version 0.23.2-1-ga50397a (webtiles) character file.

Game seed: 7861180227872438088

16498 Folque the Geomancer (level 12, -10/91 HPs)
             Began as a Yellow Draconian Earth Elementalist on May 7, 2019.
             Was an Elder of Sif Muna.
             Mangled by a wyvern (13 damage)
             ... on level 12 of the Dungeon.
             The game lasted 01:00:37 (12468 turns).

Folque the Geomancer (DrEE)                        Turns: 12468, Time: 01:00:37

Health: -10/91     AC: 10    Str: 10    XL:     12   Next: 10%
Magic:  13/20      EV: 15    Int: 21    God:    Sif Muna [****..]
Gold:   691        SH:  3    Dex: 15    Spells: 4/22 levels left

rFire    . . .     SeeInvis .   w - +4 falchion (elec)
rCold    . . .     Gourm    .   (no shield)
rNeg     . . .     Faith    .   (armour unavailable)
rPois    .         Spirit   .   (helmet restricted)
rElec    .         Reflect  +   o - +1 cloak
rCorr    +         Harm     .   (no gloves)
MR       .....                  (no boots)
Stlth    +++.......             A - +3 amulet of reflection
HPRegen  0.25/turn              u - +3 ring of dexterity
MPRegen  0.17/turn              (no ring)

@: divine energy
A: spit acid, unfitting armour, cold-blooded, acid resistance, AC +8
a: Breathe Acid, Stop Divine Energy, Channel Magic, Forget Spell, Renounce
Religion


You were on level 12 of the Dungeon.
You worshipped Sif Muna.
Sif Muna was greatly pleased with you.
You were near starving.

You visited 2 branches of the dungeon, and saw 13 of its levels.

You collected 756 gold pieces.
You spent 65 gold pieces at shops.

Inventory:

Hand Weapons
 e - a +2 dagger of holy wrath
 i - a +0 short sword
 w - a +4 falchion of electrocution (weapon)
Missiles
 b - 281 stones (quivered)
 Q - a throwing net
Armour
 o - a +1 cloak (worn)
 K - a +0 shield
Magical Staves
 C - an uncursed staff of cold {unknown}
 R - an uncursed staff of summoning {unknown}
Jewellery
 g - an uncursed ring of wizardry {unknown}
 u - a +3 ring of dexterity (left hand)
 x - an uncursed ring of ice
 A - a +3 amulet of reflection (around neck)
 H - an uncursed ring of stealth {unknown}
 I - an uncursed ring of see invisible {unknown}
 J - an uncursed ring of protection from fire {unknown}
 M - an uncursed ring of protection from fire {unknown}
Wands
 L - a wand of paralysis (7)
 N - a wand of flame (27)
 U - a wand of scattershot (6)
 V - a wand of disintegration (7)
 X - a wand of polymorph (2)
Scrolls
 h - 2 scrolls of enchant armour
 j - 4 scrolls of remove curse
 n - 2 scrolls of teleportation
 p - 2 scrolls of magic mapping {unknown}
 s - 2 scrolls of enchant weapon
 t - 2 scrolls of identify
 v - 2 scrolls of amnesia {unknown}
 y - 2 scrolls of fear {unknown}
 z - a scroll of immolation {unknown}
 F - 3 scrolls of blinking {unknown}
 G - a scroll of fog {unknown}
 S - a scroll of brand weapon {unknown}
 W - a scroll of noise {unknown}
Potions
 a - 2 potions of cancellation {unknown}
 d - 3 potions of might {unknown}
 f - 3 potions of magic {unknown}
 l - 2 potions of lignification {unknown}
 m - 3 potions of flight {unknown}
 q - 4 potions of agility {unknown}
 r - 2 potions of haste
 D - 2 potions of resistance {unknown}
 O - a potion of brilliance {unknown}
 P - 3 potions of berserk rage {unknown}
Miscellaneous
 Z - a phial of floods
Comestibles
 c - 17 rations


   Skills:
 - Level 4.1 Fighting
 - Level 5.0(5.7) Short Blades
 - Level 4.1(5.2) Long Blades
 - Level 5.0 Dodging
 - Level 6.0 Stealth
 - Level 2.5 Shields
 * Level 5.9 Spellcasting
 - Level 7.0 Conjurations
 - Level 5.1 Transmutations
 * Level 4.2 Fire Magic
 + Level 11.0 Earth Magic
 * Level 5.1 Invocations


You had 4 spell levels left.
You knew the following spells:

 Your Spells              Type           Power        Failure   Level  Hunger
a - Sandblast             Erth           ######       1%          1    None
b - Passwall              Tmut/Erth      #####...     1%          2    None
c - Stone Arrow           Conj/Erth      #####.       1%          3    ##.....
d - Lee's Rapid Deconstr  Erth           ######....   3%          5    #####..
e - Petrify               Tmut/Erth      #####...     3%          4    ####...
f - Conjure Flame         Conj/Fire      ####....     3%          3    ##.....

Your spell library contained the following spells:

 Spells                   Type           Power        Failure   Level  Hunger
 Flame Tongue             Conj/Fire      ####.        1%          1    None
 Magic Dart               Conj           ####         1%          1    None
 Throw Flame              Conj/Fire      ####..       1%          2    None
 Sticky Flame             Conj/Fire      ####....     10%         4    ####...
 Mephitic Cloud           Conj/Pois/Air  ###.....     11%         3    ##.....
 Inner Flame              Hex/Fire       ###.....     12%         3    ##.....
 Blink                    Tloc           N/A          16%         2    None
 Call Imp                 Summ           #.......     16%         2    None
 Slow                     Hex            #.......     16%         2    None
 Fireball                 Conj/Fire      ####......   26%         5    #####..


Dungeon Overview and Level Annotations

Branches:
Dungeon (12/15)            Temple (1/1) D:7            Lair (0/6) D:9
    Orc (0/2) D:11

Altars:
Ashenzari
Cheibriados
Dithmenos
Elyvilon
Fedhas
Gozag
Hepliaklqana
Kikubaaqudgha
Makhleb
Nemelex Xobeh
Okawaru
Qazlal
Ru
Sif Muna
Trog
Uskayaw
Vehumet
Wu Jian
Xom
Yredelemnul
Zin
The Shining One

Shops:
D:5 *!(   D:6 ?}

Annotations:
D:5 1 runed translucent door
D:12 Jorgrun


Innate Abilities, Weirdness & Mutations

You can spit globs of acid.
Your golden yellow scales are hard. (AC +8)
You cannot fit into any form of body armour.
You are cold-blooded and may be slowed by cold attacks.
You are resistant to acid. (rCorr)


Message History

You miss something. Something barely misses you. Something hits you.
* * * LOW HITPOINT WARNING * * *
You feel better. Something hits you.
* * * LOW HITPOINT WARNING * * *
As you read the scroll of teleportation, it crumbles to dust.
You feel strangely unstable. Something hits you.
* * * LOW HITPOINT WARNING * * *
Something hits you.
* * * LOW HITPOINT WARNING * * *
You hit something. You tail-slap something. Something hits you.
* * * LOW HITPOINT WARNING * * *
Something hits you.
* * * LOW HITPOINT WARNING * * *
Okay, then.
Your surroundings suddenly seem different.
As you read the scroll labeled DURI TOGREIMPEM, it crumbles to dust.
You feel blessed for a moment.
It was a scroll of remove curse.
The wyvern bites you!
You die...

#.# #.##l####.#
#######..##.##.#...<#
#......?..#.##D#.##.#
#%........#.##.#.##..
#.........#......####
#.....$....###.######
#....................
#.........).#........
#..l@.....#.#..h....
#.........#........
#.........#... ..
#...D.....#... .
#........{#...$
#........{#
###########.......#
## ########...>...#
.# #..^...........#


You could see a six-headed hydra and a wyvern.

Vanquished Creatures
  Fannar (D:12)
  3 two-headed ogres
  Pikel (D:3)
  A cyclops (D:12)
  2 komodo dragons (D:9)
  2 trolls
  A slime creature (D:12)
  2 hippogriffs
  A wraith (D:12)
  Sigmund (D:4)
  19 yaks
  3 wyverns
  A warg (D:11)
  An acid dragon (D:9)
  A water moccasin (D:8)
  6 orc warriors
  4 sky beasts
  2 ice beasts
  A hornet zombie (D:11)
  A necrophage (D:10)
  2 black bears
  An eye of draining (D:11)
  7 ogres
  2 phantoms
  11 centaurs
  4 big kobolds
  8 bullfrogs
  A wyvern zombie (D:10)
  A wyvern skeleton (D:10)
  4 scorpions
  12 killer bees
  9 wights
  5 howler monkeys
  3 quasits
  2 centaur zombies
  5 crimson imps
  2 bullfrog zombies
  5 hounds
  8 orc priests
  A bullfrog skeleton (D:11)
  2 jellies
  3 centaur skeletons
  Jessica (D:3)
  4 iguanas
  9 orc wizards
  6 worker ants
  2 hound skeletons
  4 worker ant zombies
  3 gnolls
  20 adders
  A shadow imp (D:8)
  An ooze (D:5)
  3 adder skeletons
  An adder zombie (D:8)
  4 worms
  A dart slug (D:1)
  5 leopard geckos
  36 orcs
  4 giant cockroaches
  15 goblins
  5 hobgoblins
  15 jackals
  7 quokkas
  2 ball pythons
  11 bats
  2 frilled lizards (D:1)
  25 kobolds
  3 quokka skeletons
  8 rats
350 creatures vanquished.

Notes
Turn   | Place    | Note
-------+----------+-------------------------------------------
     0 | D:1      | Folque the Draconian Earth Elementalist began the quest for
                  | the Orb.
     0 | D:1      | Reached XP level 1. HP: 14/14 MP: 3/3
    85 | D:1      | Reached XP level 2. HP: 12/20 MP: 5/5
   198 | D:1      | Learned a level 2 spell: Passwall
   378 | D:1      | Reached skill level 1 in Fighting
   382 | D:1      | Reached XP level 3. HP: 9/28 MP: 1/6
   387 | D:1      | Learned a level 3 spell: Stone Arrow
  1668 | D:2      | Reached XP level 4. HP: 36/36 MP: 3/8
  1974 | D:3      | Found a shattered altar of Ashenzari.
  2237 | D:3      | Reached skill level 1 in Conjurations
  2353 | D:3      | Reached XP level 5. HP: 25/41 MP: 4/10
  2394 | D:3      | Noticed Jessica
  2408 | D:3      | Killed Jessica
  2408 | D:3      | Reached skill level 4 in Earth Magic
  2692 | D:4      | Noticed Sigmund
  2692 | D:4      | Noticed an ogre
  2692 | D:4      | Noticed an ogre
  2695 | D:4      | Killed Sigmund
  2695 | D:4      | Reached XP level 6. HP: 48/48 MP: 1/12
  2704 | D:3      | Learned a level 5 spell: Lee's Rapid Deconstruction
  2882 | D:4      | Reached skill level 5 in Earth Magic
  2888 | D:4      | Your scales start taking on a golden yellow colour.
  2888 | D:4      | Reached XP level 7. HP: 55/55 MP: 3/14
  2888 | D:4      | Gained mutation: You are resistant to acid. (rCorr) [Yellow
                  | Draconian growth]
  3095 | D:4      | Reached skill level 5 in Spellcasting
  3434 | D:4      | Reached skill level 6 in Earth Magic
  3440 | D:4      | Learned a level 4 spell: Petrify
  3527 | D:4      | Noticed Pikel
  3614 | D:3      | Killed Pikel
  3614 | D:3      | Reached XP level 8. HP: 57/61 MP: 0/15
  3807 | D:4      | Noticed a hippogriff
  3814 | D:4      | Killed a hippogriff
  3814 | D:4      | Reached skill level 7 in Earth Magic
  3971 | D:5      | Entered Level 5 of the Dungeon
  3981 | D:5      | Found a radiant altar of Vehumet.
  4148 | D:5      | Found Vumoimn's Distillery.
  4194 | D:5      | Bought a potion of heal wounds for 65 gold pieces
  4264 | D:5      | Found Dukux's Weapon Shoppe.
  4325 | D:5      | Found a glowing golden altar of the Shining One.
  4325 | D:5      | Found an opulent altar of Gozag.
  4349 | D:5      | Found a glowing silver altar of Zin.
  4358 | D:5      | Noticed an angel
  4359 | D:5      | Found a runed translucent door.
  4385 | D:5      | Found a hide-covered altar of Uskayaw.
  4469 | D:5      | Found Ceecowko's General Store.
  4804 | D:6      | Reached skill level 8 in Earth Magic
  4804 | D:6      | Reached XP level 9. HP: 56/67 MP: 7/16
  5107 | D:6      | Found Hoyn's Magic Scroll Emporium.
  5226 | D:6      | Found Deck's Gadget Shop.
  5542 | D:7      | Found a staircase to the Ecumenical Temple.
  5563 | Temple   | Entered the Ecumenical Temple
  5606 | Temple   | Became a worshipper of Sif Muna the Loreminder
  5677 | D:7      | Reached skill level 5 in Conjurations
  5762 | D:7      | Reached skill level 5 in Dodging
  5954 | D:7      | Reached skill level 1 in Long Blades
  6058 | D:7      | Found a sacrificial altar of Ru.
  6084 | D:7      | Reached skill level 9 in Earth Magic
  6162 | D:7      | Found a blossoming altar of Fedhas.
  6166 | D:7      | Found a bloodstained altar of Trog.
  6169 | D:7      | Found a burning altar of Makhleb.
  6329 | D:8      | Reached * piety under Sif Muna
  6556 | D:8      | Reached XP level 10. HP: 55/77 MP: 4/17
  7043 | D:9      | Reached ** piety under Sif Muna
  7278 | D:9      | Noticed a two-headed ogre
  7294 | D:9      | Killed a two-headed ogre
  7294 | D:9      | Reached skill level 5 in Stealth
  7529 | D:9      | Found an ornate altar of the Wu Jian Council.
  7537 | D:9      | Reached skill level 10 in Earth Magic
  7549 | D:9      | Reached skill level 1 in Short Blades
  7726 | D:9      | Reached skill level 1 in Shields
  7951 | D:9      | Got a wavering diamond amulet
  8133 | D:9      | Found a staircase to the Lair.
  8243 | D:9      | Reached XP level 11. HP: 77/84 MP: 18/18
  8561 | D:10     | Entered Level 10 of the Dungeon
  8725 | D:10     | Reached *** piety under Sif Muna
  8774 | D:10     | Noticed a two-headed ogre
  9043 | D:10     | Killed a two-headed ogre
  9043 | D:10     | Reached skill level 1 in Invocations
  9172 | D:10     | Learned a level 3 spell: Conjure Flame
  9565 | D:11     | Reached skill level 1 in Fire Magic
  9589 | D:11     | Noticed a two-headed ogre
  9601 | D:11     | Killed a two-headed ogre
 10321 | D:11     | Found a staircase to the Orcish Mines.
 10640 | D:11     | Reached skill level 5 in Short Blades
 11271 | D:12     | Identified the amulet "Unoir" {Harm *Drain +Blink MR-
                  | Str+3} (You found it on level 9 of the Dungeon)
 11413 | D:12     | Reached **** piety under Sif Muna
 11433 | D:12     | Reached skill level 5 in Transmutations
 11726 | D:12     | Noticed Fannar
 11738 | D:12     | Killed Fannar
 11738 | D:12     | Reached XP level 12. HP: 91/91 MP: 0/20
 11763 | D:12     | Noticed a six-headed hydra
 11901 | D:12     | Noticed Jorgrun
 12063 | D:11     | Reached skill level 11 in Earth Magic
 12063 | D:11     | Reached skill level 5 in Invocations
 12466 | D:12     | HP: 2/91 [something (6)]
 12468 | D:12     | Mangled by a wyvern

Skill      XL: |  1  2  3  4  5  6  7  8  9 10 11 12 |
---------------+-------------------------------------+-----
Stealth        | 2 3 6 |  6.0
Fighting       | 1 2 3 4 |  4.1
Spellcasting   | 3 4 5 |  5.9
Conjurations   | 1 2 3 4 5 6 7 |  7.0
Earth Magic    | 4 5 6 8 9 10 11 | 11.0
Transmutations | 3 5 |  5.1
Dodging        | 3 5 |  5.0
Long Blades    | 2 3 4 |  4.1
Short Blades   | 2 5 |  5.0
Shields        | 1 2 |  2.5
Invocations    | 4 5 |  5.1
Fire Magic     | 3 4 |  4.2

Action                   |  1- 3 |  4- 6 |  7- 9 | 10-12 || total
-------------------------+-------+-------+-------+-------++-------
Melee: Whip              |    32 |       |    42 |       ||    74
       Unarmed           |     8 |       |       |     6 ||    14
       Tailslap          |    19 |     7 |    11 |    48 ||    85
       Dagger            |   110 |    72 |     4 |   102 ||   288
       Falchion          |       |       |    64 |   258 ||   322
 Cast: Sandblast         |    16 |    20 |    53 |    47 ||   136
       Stone Arrow       |     3 |    12 |    49 |    63 ||   127
       Passwall          |     1 |       |       |     2 ||     3
       Lee's Rapid Decon |       |       |    17 |    25 ||    42
       Petrify           |       |       |     6 |    35 ||    41
       Conjure Flame     |       |       |       |     1 ||     1
Invok: Divine Energy     |       |       |       |     2 ||     2
       Stop Divine Energ |       |       |       |     1 ||     1
  Use: Scroll            |     2 |       |     2 |    10 ||    14
       Potion            |       |       |       |     5 ||     5
 Stab: Sleeping          |     3 |       |     3 |    10 ||    16
       Petrified         |       |       |     7 |    34 ||    41
       Distracted        |       |       |     1 |       ||     1
       Confused          |       |       |       |     1 ||     1
  Eat: Chunk             |     3 |     4 |    21 |    29 ||    57
       Ration            |       |       |       |     2 ||     2
Armor: Skin              |    41 |    31 |    34 |   105 ||   211
Dodge: Dodged            |    92 |    54 |   113 |   294 ||   553
Block: Other             |       |       |    11 |    41 ||    52
       Reflection        |       |       |     1 |     2 ||     3
       Rpst.: Falchion   |       |       |    24 |    62 ||    86
